 Dungeon Crawl Stone Soup version 0.28-a0-511-gcc94558de3 (webtiles) character file.

Game seed: 9498710215609732402

10637 SkeletonJelly the Geomancer (level 11, -3/89 HPs)
             Began as a Troll Earth Elementalist on Sept 22, 2021.
             Was a Priest of Ashenzari.
             Slain by a two-headed ogre (18 damage)
             ... on level 11 of the Dungeon.
             The game lasted 00:37:14 (11158 turns).

SkeletonJelly the Geomancer (TrEE)                 Turns: 11158, Time: 00:37:15

Health: -3/89      AC:  9    Str: 18    XL:     11   Next: 38%
Magic:  23/24      EV: 10    Int: 20    God:    Ashenzari [***...]
Gold:   439        SH:  5    Dex: 10    Spells: 13/31 levels left

rFire   . . .      SeeInvis +     - Unarmed
rCold   . . .      Faith    .   (no shield)
rNeg    . . .      Spirit   .   P - +2 robe of Supernal Gnosis {Will+, Bglg, Elem} (curse)
rPois   .          Reflect  +   w - +2 hat "Gnosis of Ashenzari" {SInv, Melee, Self} (curse)
rElec   .          Harm     .   f - +0 cloak of Supernal Gnosis {Elem, Self} (curse)
rCorr   .          Rampage  .   (gloves unavailable)
Will    +....      Clarity  +   (boots unavailable)
Stlth   ++........              a - amulet of reflection
HPRegen 1.24/turn               x - ring of wizardry
MPRegen 0.19/turn               p - ring of Ouranomancy {Int+6, Elem, Cun} (curse)

@: no status effects
A: large, unfitting armour, claws 3, regeneration 1, shaggy fur 1, tough skin 1
a: Renounce Religion, Curse Item, Shatter the Chains


You were on level 11 of the Dungeon.
You worshipped Ashenzari.
Ashenzari was most pleased with you.
You visited 1 branch of the dungeon, and saw 11 of its levels.
You also visited: Ossuary.

You collected 439 gold pieces.

Inventory:

Hand Weapons
 r - a +3 quarterstaff of chaos
 V - a +2 hand crossbow of flaming
Missiles
 c - 90 stones
 i - 79 poisoned darts
 u - 6 javelins
 U - a curare-tipped dart
Armour
 b - a +0 robe
 d - a +0 robe of resistance
 f - the cursed +0 cloak of Supernal Gnosis (worn) {Elem, Self}
   (You found it on level 1 of the Dungeon)

   It has a curse which improves the following skills: Elements: Fire Magic, Ice
   Magic, Air Magic and Earth Magic.
   Introspection: Fighting and Spellcasting.
 m - a +2 animal skin
 s - a +2 cloak
 w - the cursed +2 hat "Gnosis of Ashenzari" (worn) {SInv, Melee, Self}
   (You acquired it on level 7 of the Dungeon)

   It has a curse which improves the following skills: Melee Combat: Short
   Blades, Long Blades, Axes, Maces & Flails, Polearms, Staves and Unarmed
   Combat.
   Introspection: Fighting and Spellcasting.
 y - a +0 cloak
 M - a +2 kite shield
 P - the cursed +2 robe of Supernal Gnosis (worn) {Will+, Bglg, Elem}
   (You took it off Pikel on level 9 of the Dungeon)

   It has a curse which improves the following skills: Beguiling: Conjurations,
   Hexes and Translocations.
   Elements:  Fire Magic, Ice Magic, Air Magic and Earth Magic.
 R - +0 steam dragon scales
Jewellery
 a - an amulet of reflection (around neck)
 o - a +4 ring of evasion
 p - the cursed ring of Ouranomancy (right claw) {Int+6, Elem, Cun}
   (You found it on level 3 of the Dungeon)

   [ring of intelligence]

   Int:       It affects your intelligence (+6).
   It has a curse which improves the following skills: Elements: Fire Magic, Ice
   Magic, Air Magic and Earth Magic.
   Cunning:   Dodging and Stealth.
 v - a ring of protection from fire
 x - a ring of wizardry (left claw)
 C - an amulet of guardian spirit
 F - a ring of positive energy
 S - an amulet of the acrobat
Wands
 n - a wand of mindburst (5)
 D - a wand of flame (29)
 N - a wand of charming (3)
 T - a wand of iceblast (7)
Scrolls
 e - 3 scrolls of teleportation
 h - a scroll of holy word
 k - a scroll of blinking
 l - 4 scrolls of amnesia
 z - 3 scrolls of summoning
 A - 2 scrolls of fear
 G - 2 scrolls of enchant weapon
 J - 2 scrolls of torment
 K - 2 scrolls of magic mapping
 O - 2 scrolls of fog
 Q - a scroll of silence
Potions
 g - 4 potions of might
 j - a potion of ambrosia
 q - a potion of magic
 t - 4 potions of attraction
 B - 6 potions of heal wounds
 E - 6 potions of curing
 H - 3 potions of mutation
 I - a potion of invisibility
 L - 2 potions of haste


   Skills:
 - Level 1.5(2.9) Dodging
 - Level 1.0(2.1) Stealth
 - Level 4.0(5.7) Unarmed Combat
 + Level 7.6(10.6) Spellcasting
 - Level 0.6 Transmutations
 - Level 12.4(16.3) Earth Magic


You had 13 spell levels left.
You knew the following spells:

 Your Spells              Type           Power      Damage    Failure   Level
a - Sandblast             Erth           100%       2d20      0%          1
d - Petrify               Tmut/Erth      44%        N/A       1%          4
p - Passwall              Tmut/Erth      36%        N/A       1%          2
q - Iron Shot             Conj/Erth      21%        9d5       13%         6
s - Stone Arrow           Conj/Erth      86%        3d12      1%          3
W - Wereblood             Tmut           13%        N/A       3%          2

Your spell library contained the following spells:

 Spells                   Type           Power      Damage    Failure   Level
 Beastly Appendage        Tmut           26%        N/A       1%          1
 Sting                    Tmut/Pois      44%        1d5       2%          1
 Poisonous Vapours        Pois/Air       22%        N/A       3%          2
 Spider Form              Tmut/Pois      5%         N/A       7%          3
 Olgreb's Toxic Radiance  Pois           10%        N/A       26%         4
 Fireball                 Conj/Fire      6%         3d5       50%         5
 Iskenderun's Battlesphe  Conj           11%        2d7       52%         5
 Conjure Ball Lightning   Conj/Air       6%         3x3d6     96%         6
 Orb of Destruction       Conj           5%         9d2       100%        7
 Spellforged Servitor     Conj/Summ      5%         N/A       100%        7


Dungeon Overview and Level Annotations

Branches:
Dungeon (11/15)            Temple (0/1) D:4            Lair (0/6) D:11
Ossuary (visited)
    Orc: D:9-12

Altars:
Ashenzari
Cheibriados
Dithmenos
Elyvilon
Okawaru
Qazlal
Ru
Sif Muna
Wu Jian
The Shining One

Shops:
D:4 !(:=   D:5 *   D:7 =   D:8 *

Annotations:
D:10 2 transporters, yellowboar's ghost, journeyman OpEE


Innate Abilities, Weirdness & Mutations

You are too large for most types of armour.
You have claws for hands.
Your natural rate of healing is unusually fast.
You are covered in fur. (AC +1)
You have tough skin. (AC +1)


Message History

Aiming: Iceblast
Press: ? - help, Shift-Dir - straight line, f/p - boulder beetle
Aim: a boulder beetle (almost dead, rolling)
The mass of ice explodes!
The iceblast engulfs the boulder beetle but does no damage.
The boulder beetle is almost dead.
You block the boulder beetle's attack.
The boulder beetle stops rolling and uncurls.
Casting: Petrify (mildly dangerous; 1% risk of failure)
Confirm with . or Enter, or press ? or * to list all spells.
You don't have enough magic to cast this spell.
Unknown command.
You scratch the boulder beetle but do no damage.
The boulder beetle is severely wounded.
The boulder beetle misses you.
You scratch the boulder beetle but do no damage.
The boulder beetle is severely wounded.
The boulder beetle bites you but does no damage.
You scratch the boulder beetle but do no damage.
The boulder beetle is severely wounded.
You scratch the boulder beetle but do no damage.
The boulder beetle is severely wounded.
The boulder beetle leaps!
You regained 2 hp, and now have 55/89 hp.
The boulder beetle curls into a ball and begins rolling!
There is an open door, spattered with blood here.
Casting: Petrify (mildly dangerous; 1% risk of failure)
Confirm with . or Enter, or press ? or * to list all spells.
You don't have enough magic to cast this spell.
Aiming: Mindburst
Press: ? - help, Shift-Dir - straight line, f/p - boulder beetle
Aim: a boulder beetle (severely wounded, rolling, chance to affect: 48%)
The boulder beetle's mind is blasted!
Aiming: Mindburst
Press: ? - help, Shift-Dir - straight line, f/p - boulder beetle
Aim: a boulder beetle (almost dead, rolling, chance to affect: 48%)
The boulder beetle's mind is blasted!!
You blow up the boulder beetle!
HP restored.
e - 3 scrolls of teleportation (gained 1)
You open the door.
There is an open door here.
As you open the door, it creaks loudly!
You sense a monster nearby.
Health restored: 89; MP restored: 24
There is an open door here.
You open the door.
A two-headed ogre comes into view.
It is wielding two +0 giant spiked clubs.
The two-headed ogre shouts in stereo!
A two-headed ogre is nearby!
A two-headed ogre is nearby!
A two-headed ogre is nearby!
A two-headed ogre is nearby!
Casting: Petrify (mildly dangerous; 1% risk of failure)
Confirm with . or Enter, or press ? or * to list all spells.
Aiming: Petrify (mildly dangerous; 1% risk of failure)
Press: ? - help, Shift-Dir - straight line, f - two-headed ogre
Aim: a two-headed ogre, wielding two +0 giant spiked clubs (chance to affect: 51%)
The two-headed ogre is moving more slowly.
You now have 20/24 mp.
There is an open door here.
The two-headed ogre stops moving altogether!
The helpless two-headed ogre fails to defend itself.
You mangle the two-headed ogre!!
The two-headed ogre is lightly wounded.
The helpless two-headed ogre fails to defend itself.
You claw the two-headed ogre!
The two-headed ogre is moderately wounded.
The helpless two-headed ogre fails to defend itself.
You scratch the two-headed ogre.
The two-headed ogre is moderately wounded.
The helpless two-headed ogre fails to defend itself.
You scratch the two-headed ogre.
The two-headed ogre is moderately wounded.
The helpless two-headed ogre fails to defend itself.
You claw the two-headed ogre!
The two-headed ogre is moderately wounded.
The helpless two-headed ogre fails to defend itself.
You claw the two-headed ogre!
The two-headed ogre is heavily wounded.
The helpless two-headed ogre fails to defend itself.
You claw the two-headed ogre!
The two-headed ogre is heavily wounded.
The two-headed ogre is no longer petrified.
You claw the two-headed ogre!
The two-headed ogre is severely wounded.
The two-headed ogre barely misses you.
The two-headed ogre hits you with a +0 giant spiked club!
You take 10 damage, and have 79/89 hp.
You claw the two-headed ogre!
The two-headed ogre is almost dead.
The two-headed ogre hits you with a +0 giant spiked club!
The two-headed ogre hits you with a +0 giant spiked club!!
You take 36 damage, and have 43/89 hp.
MASSIVE DAMAGE!!
You scratch the two-headed ogre.
The two-headed ogre is almost dead.
The two-headed ogre hits you with a +0 giant spiked club!!
* * * LOW HITPOINT WARNING * * *
The two-headed ogre hits you with a +0 giant spiked club!!
You die...

######### ##########
#.......# ## .........#
#.......### #.
.........######.....>.+.###.
*.........'O@..'.......#...'.
.........######.......#####.
#######'## ##'###### #. #.#
#.# ## *..# #.## ..## #..#
*.## ##.# #+ * #.# ### #.#
#..


You could see a two-headed ogre.

Vanquished Creatures
  A boulder beetle (D:11)
  A hydra (D:7)
  Pikel (D:9)
  A deep elf pyromancer (D:10)
  Psyche (D:11)
  Maggie (D:9)
  2 kobold demonologists (D:10)
  A troll (D:10)
  A hornet (D:8)
  A wyvern (D:11)
  14 yaks
  A steam dragon (D:9)
  A basilisk (D:11)
  4 vampire mosquitoes
  2 water moccasins
  3 sky beasts
  3 orc warriors
  2 black bears
  A necrophage (D:6)
  2 ice beasts
  An ogre (D:5)
  2 centaurs
  A phantom (D:7)
  2 elf zombies (Ossuary)
  3 kobold brigands
  4 bullfrogs
  A gnoll sergeant (D:8)
  A wyvern zombie (D:8)
  6 killer bees (D:7)
  5 wights
  4 howler monkeys
  A bullfrog zombie (D:6)
  A centaur skeleton (D:6)
  5 orc priests
  2 bullfrog skeletons
  6 hounds
  Crazy Yiuf (D:3)
  A jelly (D:5)
  Jessica (D:3)
  2 iguanas
  Natasha (thrice) (D:2)
  8 orc wizards
  2 mummies (Ossuary)
  Robin (D:2)
  7 gnolls
  5 adders
  A shadow imp (D:8)
  2 ufetubi
  An adder zombie (Ossuary)
  2 adder skeletons (D:4)
  A worm (D:2)
  A dart slug (D:1)
  23 orcs
  3 ball pythons
  4 endoplasms
  3 giant cockroaches
  19 goblins
  8 hobgoblins
  7 jackals (D:4)
  6 quokkas
  4 bats
  5 frilled lizards
  4 goblin zombies (Ossuary)
  7 hobgoblin zombies (Ossuary)
  37 kobolds
  13 kobold zombies (Ossuary)
  10 orc zombies (Ossuary)
  7 rats
288 creatures vanquished.

Vanquished Creatures (collateral kills)
  An orc (D:10)
1 creature vanquished.

Vanquished Creatures (others)
  A two-headed ogre (D:10)
  An orc wizard (D:3)
  9 plants
11 creatures vanquished.

Grand Total: 300 creatures vanquished

Notes
Turn   | Place    | Note
-------+----------+-------------------------------------------
     0 | D:1      | SkeletonJelly the Troll Earth Elementalist began the quest
                  | for the Orb.
     0 | D:1      | Reached XP level 1. HP: 16/16 MP: 1/1
    43 | D:1      | Reached skill level 1 in Unarmed Combat
    99 | D:1      | Reached XP level 2. HP: 24/24 MP: 2/2
   500 | D:2      | Noticed Robin
   562 | D:2      | Reached XP level 3. HP: 31/31 MP: 3/3
   573 | D:2      | Killed Robin
   739 | D:2      | Found a snail-covered altar of Cheibriados.
   789 | D:2      | Noticed Natasha
   803 | D:2      | Killed Natasha
   804 | D:2      | Reached skill level 3 in Earth Magic
   804 | D:2      | Reached XP level 4. HP: 6/39 MP: 2/4
   877 | D:2      | Found a faded altar of an unknown god.
   889 | D:2      | Noticed Natasha
   913 | D:2      | Killed Natasha
   928 | D:2      | Became a worshipper of Ashenzari the Shackled
   989 | D:2      | Noticed Natasha
  1003 | D:2      | Killed Natasha
  1004 | D:2      | Reached XP level 5. HP: 23/45 MP: 6/6
  1594 | D:3      | Reached skill level 4 in Earth Magic
  1655 | D:3      | Noticed Jessica
  1659 | D:3      | Killed Jessica
  1704 | D:3      | Found a shimmering blue altar of Sif Muna.
  1710 | D:3      | Identified Sif Muna's Collected Works on the Compass
  1852 | D:3      | Found a runed translucent door.
  1853 | D:3      | Noticed Crazy Yiuf
  1949 | D:3      | Found a sacrificial altar of Ru.
  2020 | D:3      | Reached XP level 6. HP: 53/53 MP: 5/7
  2357 | D:3      | Found an ornate altar of the Wu Jian Council.
  2558 | D:3      | Learned a level 3 spell: Stone Arrow
  2559 | D:3      | Killed Crazy Yiuf
  2560 | D:3      | Reached skill level 5 in Earth Magic
  2729 | D:4      | Found a staircase to the Ecumenical Temple.
  2748 | D:4      | Noticed an ice beast
  2841 | D:4      | Identified a scroll of acquirement
  3001 | D:4      | Found Ogonup's Antique Weapon Emporium.
  3004 | D:4      | Killed an ice beast
  3005 | D:4      | Reached skill level 6 in Earth Magic
  3088 | D:4      | Found Vasoeb's Distillery.
  3242 | D:4      | Found Bity's Book Emporium.
  3277 | D:4      | Reached XP level 7. HP: 59/59 MP: 8/8
  3281 | D:4      | Learned a level 2 spell: Passwall
  3284 | D:4      | Learned a level 2 spell: Wereblood
  3323 | D:4      | Found Sisi's Jewellery Boutique.
  3622 | D:4      | Found a stormy altar of Qazlal.
  3741 | D:5      | Entered Level 5 of the Dungeon
  3767 | D:5      | Found Xathraon's General Store.
  3848 | D:5      | Found a white marble altar of Elyvilon.
  4184 | D:5      | Reached skill level 7 in Earth Magic
  4370 | D:5      | Found an iron altar of Okawaru.
  4553 | D:6      | Reached * piety under Ashenzari
  4583 | D:6      | Reached skill level 8 in Earth Magic
  4657 | D:6      | Reached XP level 8. HP: 58/67 MP: 6/9
  4855 | D:6      | Reached skill level 9 in Earth Magic
  5735 | D:7      | Acquired a +2 hat of see invisible
  5761 | D:7      | Reached skill level 10 in Earth Magic
  5815 | D:7      | Found a sand-covered staircase.
  5823 | Ossuary  | Entered an ossuary
  6094 | Ossuary  | Reached XP level 9. HP: 74/74 MP: 7/10
  6408 | D:7      | Noticed a seven-headed hydra
  6502 | D:7      | Found Nutar's Jewellery Emporium.
  6573 | D:7      | Killed a seven-headed hydra
  6574 | D:7      | Reached skill level 11 in Earth Magic
  6724 | D:7      | Found a glowing golden altar of the Shining One.
  6993 | D:7      | Reached skill level 12 in Earth Magic
  7573 | D:8      | Learned a level 4 spell: Petrify
  7586 | D:8      | Found Zazof's Lightly-Used Armoury.
  7815 | D:8      | Reached XP level 10. HP: 61/81 MP: 12/14
  8145 | D:9      | Found a shadowy altar of Dithmenos.
  8241 | D:9      | Noticed Maggie
  8256 | D:9      | Killed Maggie
  8597 | D:9      | Reached ** piety under Ashenzari
  8757 | D:9      | Noticed Pikel
  8769 | D:9      | Killed Pikel
  9300 | D:10     | Entered Level 10 of the Dungeon
  9317 | D:10     | Found a transporter.
  9327 | D:10     | Found a transporter.
  9333 | D:10     | Noticed yellowboar's ghost (journeyman OpEE)
  9391 | D:10     | Reached skill level 5 in Spellcasting
  9741 | D:10     | Noticed a two-headed ogre
  9971 | D:10     | Reached *** piety under Ashenzari
  9995 | D:10     | Reached XP level 11. HP: 82/89 MP: 16/23
 10226 | D:10     | Noticed a deep elf pyromancer
 10235 | D:10     | Learned a level 6 spell: Iron Shot
 10239 | D:10     | Killed a deep elf pyromancer
 10588 | D:11     | Found a staircase to the Lair.
 10669 | D:11     | Noticed a green ugly thing
 10669 | D:11     | Noticed a seven-headed hydra
 10669 | D:11     | Noticed a seven-headed hydra
 10670 | D:11     | Noticed a tengu warrior
 10676 | D:11     | Noticed Psyche
 10685 | D:11     | Killed Psyche
 10893 | D:11     | Noticed a boulder beetle
 11030 | D:11     | Killed a boulder beetle
 11141 | D:11     | Noticed a two-headed ogre
 11158 | D:11     | Slain by a two-headed ogre

Illustrated notes

Levels and vault maps discovered:
D:1:      scummos_arrival_forest, layout_basic
D:2:      layout_basic, ebering_ecumenical_altar_box, basic_altar, uniq_robin,
          uniq_natasha
D:3:      layout_loops_ring, mainiacjoe_overflow_24_doors, led_sif_book,
          mainiacjoe_overflow_paths, uniq_crazy_yiuf_cottage, uniq_jessica
D:4:      layout_gridville, grunt_qazlal_clouds, minmay_temple_entry_hall,
          serial_shops, shop, shop, kennysheep_mini_moat, shop_statue,
          minmay_between
D:5:      layout_basic, okawaru_ov_weapons_minmay, elyvilon_altar_1,
          serial_shops, nicolae_stop_n_shop_1
D:6:      kennysheep_kobold_camp, layout_basic
D:7:      layout_basic, mainiacjoe_overflow_brackets, serial_shops, shop,
          nicolae_ossuary_entry_plus, nrook_pool_corridor
D:8:      layout_rooms, eino_tiny_chamber, minmay_shop_damaged
D:9:      layout_cave_pods, mainiacjoe_overflow_alcove_4, uniq_pikel,
          uniq_maggie
D:10:     layout_basic, gammafunk_ghost_mausoleum, lemuel_old_faithful
D:11:     layout_roguey [special_room_kobold], david_lair_generic,
          onia_ninara_dug_in_and_dangerous, uniq_psyche

Skill      XL: |  1  2  3  4  5  6  7  8  9 10 11 |
---------------+----------------------------------+-----
Unarmed Combat | 1 2 3 4 |  4.0
Earth Magic    | 3 4 6 8 10 12 | 12.4
Spellcasting   | 2 6 7 |  7.6
Dodging        | |  1.5
Stealth        | |  1.0
Transmutations | |  0.6

Action                   |  1- 3 |  4- 6 |  7- 9 | 10-12 || total
-------------------------+-------+-------+-------+-------++-------
Melee: Unarmed           |   100 |   128 |   358 |   268 ||   854
       Punch             |     1 |     1 |     4 |     3 ||     9
 Cast: Sandblast         |       |    33 |    68 |    59 ||   160
       Stone Arrow       |       |     1 |     2 |    14 ||    17
       Wereblood         |       |       |    11 |     7 ||    18
       Petrify           |       |       |     1 |    15 ||    16
       Passwall          |       |       |     1 |       ||     1
       Iron Shot         |       |       |       |     4 ||     4
Invok: Curse Item        |       |     1 |     1 |     2 ||     4
Evoke: Wand              |       |     4 |     4 |    16 ||    24
  Use: Scroll            |     2 |       |     2 |       ||     4
       Potion            |     1 |       |       |       ||     1
 Stab: Sleeping          |     2 |     1 |     1 |     1 ||     5
       Petrified         |       |       |       |    43 ||    43
       Petrifying        |       |       |       |     1 ||     1
Armor: Robe              |    65 |    15 |       |    60 ||   140
       Animal skin       |       |    24 |   152 |    37 ||   213
Dodge: Dodged            |    48 |    51 |   177 |   133 ||   409
Block: Other             |       |       |       |    48 ||    48
       Reflection        |       |       |       |     1 ||     1

Table legend: (Time is in decaauts)
 A = Elapsed time spent in this place.
 B = Non-inter-level travel time spent in this place.
 C = Inter-level travel time spent in this place.
 D = Time resting spent in this place.
 E = Time spent auto-exploring this place.
 F = Levels seen in this place.
 G = Mean time per level.
                   A        B        C        D        E       F      G
               +--------+--------+--------+--------+--------+-----+--------+
         Total |  11109 |  10254 |    855 |     32 |   7964 |  12 |  925.8 |
       Dungeon |  10634 |   9779 |    855 |     32 |   7721 |  11 |  966.7 |
       Ossuary |    475 |    475 |      0 |      0 |    243 |   1 |  475.0 |
               +--------+--------+--------+--------+--------+-----+--------+

Top non-repeatable levels by time:
    D:10: 1327 daAuts
     D:6: 1313 daAuts
     D:3: 1234 daAuts
     D:9: 1141 daAuts
     D:2: 1119 daAuts
     D:8: 974 daAuts
     D:4: 939 daAuts
     D:7: 926 daAuts
     D:5: 700 daAuts
    D:11: 507 daAuts
 Ossuary: 475 daAuts
     D:1: 450 daAuts
